Map: Triton LE

Players

Golden - Winner!

  • Race: Zerg Zerg
  • League: Master
  • Spawn Location: 5:00

Powerfoe

  • Race: Terran Terran
  • League: Master
  • Spawn Location: 11:00

VOD

Have the link to the VOD?

Description

Time

  • Played on: Aug. 20, 2019, 9:23 p.m.
  • Length: 5:42
Show
View Real Time Build Order
Export as new Build Order

Golden Zerg - Winner!

Build Orders: Pool First 

Get SALT Encoding   

  12  0:02  Drone  
  13  0:13  Overlord  
  13  0:17  Drone  
  14  0:32  Drone x2  
  16  0:35  Drone  
  16  0:38  Extractor  
  16  0:47  Spawning Pool  
  15  0:51  Drone  
  15  0:57  Drone  
  17  1:07  Drone  
  18  1:23  Hatchery  
  17  1:35  Zergling x4  
  19  1:40  Zergling x2  
  19  1:41  Metabolic Boost  
  20  1:59  Roach Warren  
  19  2:05  Queen  
  21  2:11  Overlord  
  21  2:20  Overlord  
  21  2:36  Zergling x2  
  22  2:38  Roach x2  
  22  2:40  Roach  
  28  2:47  Zergling x2  
  28  2:48  Zergling x2  
  30  3:01  Zergling x4  
  33  3:05  Ravager  
  33  3:06  Ravager  
  33  3:11  Zergling x4  
  36  3:14  Zergling x2  
  36  3:16  Zergling x2  
  38  3:31  Zergling x6  
  38  3:32  Zergling x2  
  42  3:35  Ravager  
  42  3:37  Zergling x2  
  44  3:51  Overlord  
  38  4:21  Zergling x2  
  38  4:22  Zergling x16  
  37  4:42  Zergling x2  
  37  4:43  Zergling x4  
  40  4:48  Zergling x6  
  40  4:51  Zergling x2  
  44  4:53  Zergling x2  
  44  4:59  Zergling x2  
  46  5:00  Zergling x2  
  48  5:07  Zergling x2  
  41  5:17  Zergling x4  
  34  5:25  Zergling x6  
Show
View Real Time Build Order
Export as new Build Order

Powerfoe Terran 

Build Orders: Reaper Expand 

Get SALT Encoding   

  12  0:01  SCV  
  13  0:13  SCV  
  14  0:17  Supply Depot  
  14  0:25  SCV  
  15  0:38  SCV  
  15  0:40  Barracks  
  16  0:43  Refinery  
  16  0:50  SCV  
  17  1:02  SCV  
  18  1:14  SCV  
  19  1:27  Orbital Command, Reaper  
  20  1:41  Command Center  
  20  1:53  SCV  
  21  1:54  Barracks  
  21  1:59  Barracks Reactor  
  21  2:05  SCV  
  22  2:10  Supply Depot  
  22  2:17  SCV  
  22  2:21  Refinery  
  23  2:24  Factory  
  23  2:31  SCV  
  23  2:36  Marine x2  
  26  2:40  Barracks Tech Lab  
  26  2:44  SCV  
  27  2:53  Orbital Command  
  27  2:55  Marine  
  27  2:56  SCV  
  28  3:02  Marine  
  29  3:08  SCV  
  29  3:12  Marine  
  30  3:13  Marine  
  30  3:16  Orbital Command  
  32  3:20  SCV, Marine  
  34  3:31  Hellion  
  34  3:33  Marine x2  
  38  3:38  Supply Depot  
  38  3:39  Supply Depot  
  38  3:40  Marine  
  39  3:48  Starport  
  39  3:51  Marine  
  39  3:52  Factory Tech Lab  
  41  3:59  Marine  
  41  4:00  Marine  
  41  4:01  Bunker  
  42  4:03  Supply Depot  
  41  4:11  Siege Tank  
  39  4:20  Marine x2  
  32  4:37  Marine  
  32  4:38  Marine  
  34  4:43  SCV  
  38  4:49  SCV  
  39  4:55  Marine  
  39  4:59  Medivac  
  39  5:01  Command Center  
  39  5:04  SCV x2  
  39  5:06  Marine  
  42  5:13  Marine  
  39  5:19  SCV  
  31  5:24  Marine  
Tags
 
Add a new tag
Caveats
  • Supply blocks, unpowered buildings, or Contaminate may cause inaccurate times.
  • Supply counts are checked every 10 seconds.